 Dungeon Crawl Stone Soup version 0.27.1 (webtiles) character file.

Game seed: 12287475432077107176

158 ZARRMARR the Digger (level 5, -4/28 HPs)
             Began as a Gargoyle Earth Elementalist on Aug 23, 2021.
             Was an Initiate of Ru.
             Shot with an arrow by a centaur (12 damage)
             ... on level 3 of the Dungeon.
             The game lasted 00:07:44 (3433 turns).

ZARRMARR the Digger (Gargoyle Earth Elementalist)   Turns: 3433, Time: 00:07:45

Health: -4/28      AC:  7    Str: 12    XL:     5   Next: 39%
Magic:  9/10       EV: 12    Int: 16    God:    Ru [......]
Gold:   142        SH:  0    Dex: 10    Spells: 10/11 levels left

rFire    + . .     SeeInvis .   (no weapon)
rCold    . . .     Faith    .   (no shield)
rNeg     + . .     Spirit   .   b - +1 robe
rPois    ∞         Reflect  .   (no helmet)
rElec    +         Harm     .   (no cloak)
rCorr    .         Rampage  .   (no gloves)
Will     .....                  (no boots)
Stlth    ++........             (no amulet)
HPRegen  0.09/turn              g - ring of protection from fire
MPRegen  0.12/turn              (no ring)

@: no status effects
A: sickness immunity, AC +4, negative energy resistance 1, electricity
resistance, torment resistance 1, petrification resistance
a: Renounce Religion


You were on level 3 of the Dungeon.
You worshipped Ru.
Ru was noncommittal.
You visited 1 branch of the dungeon, and saw 3 of its levels.

You collected 142 gold pieces.

Inventory:

Missiles
 c - 3 stones
Armour
 b - a +1 robe (worn)
Jewellery
 g - a ring of protection from fire (left hand)
Wands
 f - a wand of polymorph (8)
Scrolls
 e - a scroll of fog
 j - a scroll of teleportation
 k - a scroll of immolation {unknown}
 n - a scroll of fear {unknown}
Potions
 a - a potion of might {unknown}
 d - a potion of berserk rage {unknown}
 h - a potion of curing {unknown}
 i - a potion of brilliance {unknown}
 l - a potion of haste {unknown}
 m - a potion of lignification {unknown}


   Skills:
 + Level 1.9 Dodging
 - Level 2.1 Stealth
 + Level 3.8 Spellcasting
 - Level 0.7 Transmutations
 - Level 5.3 Earth Magic


You had 10 spell levels left.
You knew the following spells:

 Your Spells              Type           Power      Damage    Failure   Level
a - Sandblast             Erth           40%        2d10      1%          1

Your spell library contained the following spells:

 Spells                   Type           Power      Damage    Failure   Level
 Passwall                 Tmut/Erth      10%        N/A       8%          2
 Sting                    Tmut/Pois      16%        1d3       16%         1
 Stone Arrow              Conj/Erth      22%        3d8       17%         3
 Poisonous Vapours        Pois/Air       6%         N/A       26%         2
 Petrify                  Tmut/Erth      12%        N/A       43%         4
 Olgreb's Toxic Radiance  Pois           3%         N/A       86%         4


Dungeon Overview and Level Annotations

Branches:
Dungeon (3/15)

Altars:
Ru


Innate Abilities, Weirdness & Mutations

You are immune to sickness and miasma.
Your stone body is resilient. (AC +4)
You are immune to poison.
You resist negative energy. (rN+)
You are resistant to electric shocks. (rElec)
You are resistant to unholy torment.
You are immune to petrification.


Message History

Confirm with . or Enter, or press ? or * to list all spells.
Aiming: Sandblast (safe; 1% risk of failure)
Press: ? - help, Shift-Dir - straight line, f/p - giant cockroach
Aim: a giant cockroach (moderately wounded, 81% to hit)
The blast of sand hits the giant cockroach!
You kill the giant cockroach!
You now have 125 gold pieces (gained 17).
n - a scroll labelled YKHLUL TEFAPUCO You see here a +0 hunting sling.
As you open the door, it creaks loudly!
Found a sacrificial altar of Ru.
Found 17 gold pieces.
There is an open door here.
There is a sacrificial altar of Ru here.
You kneel at the altar of Ru.
Ru welcomes you!
You open the door.
There is an open door here.
You now have 142 gold pieces (gained 17).
Found 24 stones and a ring mail.
A centaur comes into view.
The centaur shouts!
A centaur is nearby!
The centaur wields a +0 shortbow.
The centaur shoots an arrow.
The arrow hits you.
The centaur shoots an arrow.
The arrow barely misses you.
The centaur shoots an arrow.
The arrow hits you!
Casting: Sandblast (safe; 1% risk of failure)
Confirm with . or Enter, or press ? or * to list all spells.
You can't see any susceptible monsters within range! (Use Z to cast anyway.)
The centaur shoots an arrow.
The arrow hits you.
* * * LOW HITPOINT WARNING * * *
Casting: Sandblast (safe; 1% risk of failure)
Confirm with . or Enter, or press ? or * to list all spells.
Aiming: Sandblast (safe; 1% risk of failure)
Press: ? - help, Shift-Dir - straight line, f - centaur
Aim: a centaur, wielding a +0 shortbow and quivering arrows (88% to hit)
The blast of sand misses the centaur.
The centaur shoots an arrow.
The arrow barely misses you.
The centaur shoots an arrow.
The arrow hits you!
You die...

##.............^.
#..'....._....
#....#...#......#
##.#####...###
#....#...#......#
#.....#####..
#....##########.#
##..........#
#....#
#.####..#...######
######
#......######
#######.....##
........(...#
....c..@....#
.♣.......[..#
..♣..###....# ....
###### ###


You could see a centaur.

Vanquished Creatures
  Jessica (D:3)
  Natasha (thrice) (D:2)
  3 dart slugs
  An orc (D:3)
  6 bats
  A bat zombie (D:1)
  6 endoplasms
  5 giant cockroaches
  4 goblins
  2 hobgoblins
  A quokka (D:3)
  4 ball pythons
  A ball python zombie (D:1)
  2 frilled lizards
  4 kobolds (D:1)
  5 rats
49 creatures vanquished.

Notes
Turn   | Place    | Note
-------+----------+-------------------------------------------
     0 | D:1      | ZARRMARR the Gargoyle Earth Elementalist began the quest
                  | for the Orb.
     0 | D:1      | Reached XP level 1. HP: 10/10 MP: 3/3
   179 | D:1      | Reached skill level 4 in Earth Magic
   214 | D:1      | Reached XP level 2. HP: 15/15 MP: 3/5
   574 | D:1      | Reached XP level 3. HP: 19/19 MP: 2/6
   912 | D:1      | Found a faded altar of an unknown god.
  2257 | D:2      | Noticed Natasha
  2260 | D:2      | Killed Natasha
  2261 | D:2      | Reached skill level 5 in Earth Magic
  2261 | D:2      | Reached XP level 4. HP: 24/24 MP: 3/8
  2345 | D:2      | Noticed Natasha
  2348 | D:2      | Killed Natasha
  2389 | D:2      | Noticed Natasha
  2399 | D:2      | Killed Natasha
  2709 | D:2      | Reached XP level 5. HP: 25/28 MP: 7/9
  3243 | D:3      | Noticed Jessica
  3248 | D:3      | Killed Jessica
  3391 | D:3      | Found a sacrificial altar of Ru.
  3414 | D:3      | Became a worshipper of Ru the Awakened
  3429 | D:3      | Noticed a centaur
  3433 | D:3      | Shot with an arrow by a centaur

Illustrated notes

Levels and vault maps discovered:
D:1:      saegor_arrival_fortress, layout_loops_ring,
          dreamdust_ecumenical_altar_angels_and_demons, minivault_4,
          kennysheep_doodads, grunt_decor_mini_mirrors, minmay_pentomino_s2
D:2:      layout_basic, nrook_mini_backslash, uniq_natasha
D:3:      layout_basic, mainiacjoe_overflow_surrounded_room,
          gammafunk_ghost_necromancy, chequers_mini_garden, grunt_ministairs_12,
          kennysheep_jessica_study

Skill      XL: |  1  2  3  4 |
---------------+-------------+-----
Earth Magic    | 4 5 |  5.3
Spellcasting   | 3 |  3.8
Dodging        | |  1.9
Stealth        | |  2.1
Transmutations | |  0.7

Action                   |  1- 3 |  4- 6 || total
-------------------------+-------+-------++-------
Melee: Unarmed           |     1 |       ||     1
 Cast: Sandblast         |    43 |    30 ||    73
  Use: Scroll            |     3 |     3 ||     6
Armor: Robe              |       |     4 ||     4
Dodge: Dodged            |     2 |     8 ||    10
